Cogmind - Beta 14 @@@ ROGUE MODE // 2024.09.05 @ 19:44:54 Player: celerysam Result: Destroyed by Explosive Trap Performance ------------- Evolutions (2) 1000 Regions Visited (4) 800 Robots Destroyed (21) 105 Value Destroyed (714) 714 Prototype IDs (1) 20 Alien Tech Used (0) 0 Bonus (45) 45 TOTAL SCORE: 2684 Bonus ------- Follower Combat Kills 67 Friendly Fire -22 Cogmind --------- Core Integrity 0/550 Matter 274/300 Energy 100/100 System Corruption 0% Temperature Cool (0) Movement Core (350) Ox6 Location -8/Materials Parts ------- > --- POWER (2) -------- (None) > --- PROPULSION (3) --- (None) > --- UTILITY (4) ------ Large Storage Unit > --- WEAPON (2) ------- (None) > --- INVENTORY (15) --- Improved Datajack Peak State ------------ > --- POWER ------------ Light Nuclear Core > --- PROPULSION ------- Wheel Compact Wheel > --- UTILITY ---------- Cooling System Large Storage Unit Light Armor Plating > --- WEAPON ----------- EM Pulse Gun Heavy Assault Rifle > --- INVENTORY -------- Light Ion Engine Aluminum Leg Heavy EM Pulse Gun Light EM Pulse Cannon Assault Rifle Explosive Trap Explosive Trap Explosive Trap [Rating: 13] Favorites ----------- Power Light Ion Engine Engine Light Ion Engine Power Core Light Nuclear Core Propulsion Light Treads Treads Light Treads Leg Aluminum Leg Wheel Compact Wheel Utility Cooling System Device Cooling System Storage Large Storage Unit Protection Light Armor Plating Weapon EM Pulse Gun Energy Gun EM Pulse Gun Energy Cannon Light EM Pulse Cannon Ballistic Gun Heavy Assault Rifle Ballistic Cannon Improved Light Cannon Launcher Grenade Launcher Build | -11 -10 -9 -9 -8 ------- Run | Yrd Mat Mat Min Mat Slots Evolved 4 | . . 2 . 2 Power 1 | . . . . 1 Propulsion 1 | . . 1 . . Utility 2 | . . 1 . 1 Weapon . | . . . . . Parts Attached 39 | 6 7 3 14 9 Power 8 | 1 2 . 4 1 Engine 6 | 1 2 . 2 1 Core 2 | . . . 2 . Reactor . | . . . . . Propulsion 10 | 2 2 . 4 2 Treads 4 | 2 2 . . . Leg 4 | . . . 2 2 Wheel 2 | . . . 2 . Hover . | . . . . . Flight . | . . . . . Utility 6 | 1 1 2 2 . Device 2 | . . 1 1 . Storage 2 | 1 . 1 . . Processor . | . . . . . Hackware . | . . . . . Protection 2 | . 1 . 1 . Artifact . | . . . . . Weapon 15 | 2 2 1 4 6 Energy Gun 7 | 2 1 1 2 1 Energy Cannon 2 | . . . . 2 Ballistic Gun 2 | . . . 1 1 Ballistic Cannon 2 | . . . . 2 Launcher 2 | . 1 . 1 . Special Weapon . | . . . . . Impact Weapon . | . . . . . Slashing Weapon . | . . . . . Piercing Weapon . | . . . . . Special Melee Weapon . | . . . . . Unidentified Prototypes 1 | . . 1 . . Parts Lost 24 | . . . 11 13 Power 5 | . . . 3 2 Propulsion 8 | . . . 4 4 Utility 3 | . . . 1 2 Weapon 8 | . . . 3 5 Highest Loss Streak 11 | . . . 11 7 To Critical Strikes . | . . . . . Average Slot Usage (%) 75 | . 86 86 74 52 Engine 7 | . 14 11 5 2 Treads 13 | . 28 22 9 . Leg 1 | . . . . 8 Wheel 4 | . . . 6 7 Device 9 | . . 9 12 7 Storage 11 | . 14 11 11 9 Protection 5 | . 1 11 6 1 Energy Gun 15 | . 26 11 15 5 Ballistic Gun 1 | . . . . 6 Launcher 4 | . 1 11 5 . Peak Build Rating 13 | 6 7 12 13 13 Average Rating 8 | 4 6 11 9 8 On Entrance 7 | . 6 7 12 13 Naked Turns . | . . . . . Heaviest Build 35 | 12 16 34 35 35 Greatest Support 40 | 40 40 40 40 26 Greatest Overweight (x) 8 | . . . 8 6 Average Overweight (x) . | . . . 1 1 Largest Inventory Capacity 15 | 8 8 15 15 15 Average Capacity 13 | 6 8 12 15 15 Most Carried 15 | 6 8 10 15 8 Average Carried 8 | 4 7 8 10 5 Final Capacity 15 | 8 8 15 15 15 Final Carried 10 | 6 8 10 8 1 Class Distribution -------------------- 100% | Mutant Dominant Class ---------------- Mutant | -10/Materials Mutant | -9/Materials Mutant | -9/Mines Mutant | -8/Materials Resources | -11 -10 -9 -9 -8 ----------- Run | Yrd Mat Mat Min Mat Matter Collected 649 | 260 . 1 303 85 Remotely . | . . . . . Salvage Created 552 | . 103 170 123 156 Parts 32 | . 3 15 10 4 Haulers Intercepted . | . . . . . Recyclers Shooed 1 | . . . 1 . Parts Field Recycled . | . . . . . Retrieved Matter . | . . . . . Parts Self-Destructed . | . . . . . Prevented . | . . . . . Kills | -11 -10 -9 -9 -8 ------- Run | Yrd Mat Mat Min Mat Combat Hostiles Destroyed 17 | . 2 7 5 3 Guns 6 | . 1 . 4 1 AOE 10 | . 1 7 1 1 Classes Destroyed 9 | . 2 4 3 . Builder 1 | . . 1 . . Tunneler 1 | . . . 1 . Operator 1 | . . 1 . . Watcher 1 | . 1 . . . Swarmer 2 | . . . 2 . Grunt 11 | . 2 5 1 3 Duelist 1 | . . 1 . . Sentry 1 | . . 1 . . Demolisher 2 | . . . 2 . Best Kill Streak 9 | . 2 9 2 1 Combat Bots Only 7 | . 2 7 2 1 Max Kills in Single Turn 4 | . 2 4 1 1 Gunslinging . | . . . . . Exploded 4 | . 1 4 1 1 Melee . | . . . . . Uniques/NPCs Destroyed . | . . . . . Combat | -11 -10 -9 -9 -8 -------- Run | Yrd Mat Mat Min Mat Hostile Shots Fired 164 | . 14 32 44 74 Missed 46 | . 1 17 9 19 Damage Taken 2847 | . 244 203 1014 1386 Core 848 | . 43 15 238 552 Absorbed by Shields . | . . . . . Core Remaining (%) 72 | 100 82 . 36 . Volleys Fired 45 | . 10 11 9 15 Largest 2 | . 2 2 2 2 Hottest 101 | . 90 75 90 101 Shots Fired 78 | . 20 18 14 26 Gun 59 | . 20 7 11 21 Cannon 5 | . . . . 5 Launcher 14 | . . 11 3 . Special . | . . . . . Kinetic 14 | . . . . 14 Thermal 13 | . 10 . 3 . Explosive 12 | . . 11 1 . Electromagnetic 39 | . 10 7 10 12 Robot Hit Streak 12 | . 3 7 9 12 Robot Miss Streak 3 | . 3 1 2 3 Penetration Max . | . . . . . Secondary Targets . | . . . . . Shots Hit Robots 54 | . 11 14 9 20 Core Hits 39 | . 5 19 10 5 Critical Kills . | . . . . . Critical Parts Destroyed . | . . . . . Critical Strikes 2 | . 1 . . 1 Burn 1 | . 1 . . . Corrupt 1 | . . . . 1 Melee Attacks . | . . . . . Impact . | . . . . . Slashing . | . . . . . Piercing . | . . . . . Sneak Attacks . | . . . . . Combat Hostiles . | . . . . . Follow-up Attacks . | . . . . . Damage Inflicted 1731 | . 223 748 323 437 Guns 573 | . 141 93 99 240 Cannons 78 | . . . . 78 Explosions 1020 | . 82 655 164 119 Melee . | . . . . . Ramming 60 | . . . 60 . Kinetic 140 | . . . . 140 Thermal 458 | . 182 38 119 119 Explosive 640 | . . 617 23 . Electromagnetic 433 | . 41 93 121 178 Impact . | . . . . . Slashing . | . . . . . Piercing . | . . . . . Highest Corruption 2 | . 2 . . . Average Corruption 2 | . 2 . . . Corruption Purged . | . . . . . Corruption Blocked . | . . . . . Effects 4 | . 4 . . . Message Errors 1 | . 1 . . . Heat Flow Errors 1 | . 1 . . . Energy Discharges 1 | . 1 . . . Data Loss (major) 1 | . 1 . . . Overload Shots . | . . . . . Overflow Damage 2 | . . 2 . . Projectiles . | . . . . . Explosions 2 | . . 2 . . Melee . | . . . . . Knockbacks 1 | . . . 1 . Impact 1 | . . . 1 . Kinetic . | . . . . . Secondary . | . . . . . Self-Inflicted Damage 132 | . 56 . 34 42 Shots 3 | . 1 . 1 1 Rammed 9 | . . . 7 2 Targets Rammed 9 | . . . 7 2 Kicked . | . . . . . Crushed . | . . . . . Highest Temperature 216 | . 216 . . 1 Average Temperature 74 | . 77 . . 1 Received Heat Transfer 594 | . 129 96 9 360 Siege Activations . | . . . . . Robots Corrupted 1 | . . . . 1 Combat Hostiles 1 | . . . . 1 Parts Fried 1 | . . . . 1 Impact Corruptions . | . . . . . Robots Melted . | . . . . . Combat Hostiles . | . . . . . Parts Melted 2 | . 2 . . . Heat Transferred 707 | . 420 50 187 50 Parts Sabotaged . | . . . . . Parts Stolen . | . . . . . Parts Stripped . | . . . . . Power Chain Reactions 6 | . 1 1 3 1 Alert | -11 -10 -9 -9 -8 ------- Run | Yrd Mat Mat Min Mat Peak Influence 248 | . 75 248 104 64 Initial 96 | . . 31 96 . Average 43 | . 36 61 48 24 Maximum Alert Level 1 | . . 1 . . Low Security (%) 98 | 100 100 86 100 100 Level 1 1 | . . 13 . . Level 2 . | . . . . . Level 3 . | . . . . . Level 4 . | . . . . . Level 5 . | . . . . . High Security . | . . . . . Max Security . | . . . . . Squads Dispatched 3 | . . . . 3 Investigation . | . . . . . Extermination . | . . . . . Reinforcement 3 | . . . . 3 Assault . | . . . . . Garrison . | . . . . . Intercept . | . . . . . Searches Triggered . | . . . . . Construction Impeded . | . . . . . Haulers Reinforced . | . . . . . Active Scanning Responses . | . . . . . Cargo Convoy Interrupts . | . . . . . Stealth | -11 -10 -9 -9 -8 --------- Run | Yrd Mat Mat Min Mat Distress Signals . | . . . . . Communications Jammed . | . . . . . Distress Signals . | . . . . . Times Spotted 36 | . 4 11 13 8 Peak Tracking Total 7 | . 2 7 6 3 Tactical Retreats 3 | . . . 1 2 Traps | -11 -10 -9 -9 -8 ------- Run | Yrd Mat Mat Min Mat Traps Triggered 3 | . 3 . . . Indirectly . | . . . . . Trap Hack Attempts . | . . . . . Triggered . | . . . . . Disarmed . | . . . . . Reprogrammed . | . . . . . Reused 3 | . . . . 3 Traps Extracted . | . . . . . Installed 5 | . . . 2 3 Triggered 3 | . . . . 3 Most Traps Carried 5 | . . . 5 3 Machines | -11 -10 -9 -9 -8 ---------- Run | Yrd Mat Mat Min Mat Machines Disabled 1 | . . . . 1 Max in Single Turn 1 | . . . . 1 Machines Repaired . | . . . . . Machines Dismantled . | . . . . . Machines Sabotaged . | . . . . . Overloaded Fab Kills . | . . . . . Hacking | -11 -10 -9 -9 -8 --------- Run | Yrd Mat Mat Min Mat Machines Accessed 2 | . 1 1 . . Terminals 2 | . 1 1 . . Fabricators . | . . . . . Repair Stations . | . . . . . Recycling Units . | . . . . . Scanalyzers . | . . . . . Garrison Access . | . . . . . Total Hacks 2 | . 1 1 . . Successful 2 | . 1 1 . . Failed . | . . . . . Catastrophic . | . . . . . Database Lockouts . | . . . . . Manual . | . . . . . Terminals 2 | . 1 1 . . Fabricators . | . . . . . Repair Stations . | . . . . . Recycling Units . | . . . . . Scanalyzers . | . . . . . Garrison Access . | . . . . . Terminal Hacks 2 | . 1 1 . . Unreport Threat 1 | . . 1 . . Zone Layout 1 | . 1 . . . Fabricator Hacks . | . . . . . Repair Station Hacks . | . . . . . Recycling Unit Hacks . | . . . . . Scanalyzer . | . . . . . Garrison Access Hacks . | . . . . . Unauthorized Hacks . | . . . . . Terminals . | . . . . . Fabricators . | . . . . . Repair Stations . | . . . . . Recycling Units . | . . . . . Scanalyzers . | . . . . . Garrison Access . | . . . . . Data Cores Recovered . | . . . . . Used . | . . . . . Hacking Detections 1 | . . 1 . . Full Trace Events . | . . . . . Feedback Events . | . . . . . Feedback Blocked . | . . . . . Robot Schematics Acquired . | . . . . . Robots Built . | . . . . . Authchips . | . . . . . Time . | . . . . . Total Robot Build Rating . | . . . . . Part Schematics Acquired . | . . . . . Parts Built . | . . . . . Authchips . | . . . . . Time . | . . . . . Total Part Build Rating . | . . . . . Parts Repaired . | . . . . . Time . | . . . . . Parts Recycled . | . . . . . Recycled Matter . | . . . . . Retrieved Matter . | . . . . . Retrieved Components . | . . . . . Parts Scanalyzed . | . . . . . Part Schematics Acquired . | . . . . . Parts Damaged . | . . . . . Bothacking | -11 -10 -9 -9 -8 ------------ Run | Yrd Mat Mat Min Mat Used RIF Installer . | . . . . . Robots Hacked . | . . . . . Non-combat . | . . . . . Combat . | . . . . . Robot Hacks Applied . | . . . . . Relay Couplers Released . | . . . . . Fabnet Peak Effective % . | . . . . . Robots Rewired . | . . . . . Allies Hacked . | . . . . . Hacks Repelled . | . . . . . Allies | -11 -10 -9 -9 -8 -------- Run | Yrd Mat Mat Min Mat Total Allies 5 | . . . 5 . Largest Group 5 | . . . 5 . Highest-Rated Group 85 | . . . 85 . Highest-Rated Ally 31 | . . . 31 . Total Orders . | . . . . . Ally Attacks 24 | . . . 24 . Total Damage 227 | . . . 227 . Kills 5 | . . . 5 . Allies Corrupted . | . . . . . Allies Melted . | . . . . . Intel | -11 -10 -9 -9 -8 ------- Run | Yrd Mat Mat Min Mat Robot Analysis Total . | . . . . . Derelict Logs Recovered 2 | . . . 2 . Drone Launches . | . . . . . Drone Recoveries . | . . . . . Exploration | -11 -10 -9 -9 -8 ------------- Run | Yrd Mat Mat Min Mat Turns Passed 2377 | 99 383 317 1280 298 Spaces Moved 1241 | 55 204 171 653 158 Core 68 | 5 . . 60 3 Treads 774 | 50 204 171 349 . Legs 73 | . . . 8 65 Wheels 326 | . . . 236 90 Hover . | . . . . . Flight . | . . . . . Fastest Speed 50 | 50 160 160 105 105 Average Speed 162 | 150 160 160 168 147 Slowest Speed 450 | 160 160 160 450 350 Overloaded Moves . | . . . . . Propulsion Burnouts . | . . . . . Robots Hopped . | . . . . . Cave-ins Triggered . | . . . . . Exploration Rate (%) 35 | 5 40 18 95 17 Regions Visited 4 Branch Regions 1 Pre-discovered Areas 1 | . . . 1 . Known Exits Taken . | . . . . . Unknown Exits Taken 4 | 1 1 1 1 . Scrap Searched 3 | . . . 3 . Spaces Dug . | . . . . . Terrain Destroyed 61 | . 2 42 12 5 Melee . | . . . . . Projectile . | . . . . . AOE 61 | . 2 42 12 5 Terrain Rammed . | . . . . . Walls Destroyed . | . . . . . Machines Disabled . | . . . . . Actions | -11 -10 -9 -9 -8 --------- Run | Yrd Mat Mat Min Mat Total 1519 | 71 239 197 818 194 Wait 143 | . 15 9 119 . Move 1237 | 54 203 170 652 158 Hop . | . . . . . Pick Up 31 | 11 2 2 12 4 Fast Attach 9 | 1 6 2 . . Attach 24 | 5 . . 11 8 Detach . | . . . . . Swap 6 | . 1 1 3 1 Drop 10 | . 2 2 3 3 Fire 45 | . 10 11 9 15 Melee . | . . . . . Ram 9 | . . . 7 2 Kick . | . . . . . Crush . | . . . . . Escape Stasis . | . . . . . Rewire . | . . . . . Trap 5 | . . . 2 3 Miscellaneous . | . . . . . Route ------- -11/Scrapyard -10/Materials -9/Materials -9/Mines (discovered 2 exits: [*Mat x2]) -8/Materials History --------- Turn | Location | Event 40 | -11/Scrapyard | Discovered new exit (range 15) 100 | -11/Scrapyard | Entered Materials 319 | -10/Materials | Discovered new exit (range 3) 347 | -10/Materials | Build established: Mutant 483 | -10/Materials | Entered another Materials area 483 | -9/Materials | Evolved 2 slots: Propulsion x1, Utility x1 730 | -9/Materials | Discovered new exit (range 10) 783 | -9/Materials | Destroyed 7 combat bots 800 | -9/Materials | Entered Mines 805 | -9/Mines | Assisted by bots powering up and referring to "LRC-V3" 879 | -9/Mines | Found a hidden stash of uninstalled traps 942 | -9/Mines | Assembled infested the area 947 | -9/Mines | Assisted by a Guerilla fighting off Assembled 996 | -9/Mines | Learned Materials terminal intel 1238 | -9/Mines | Discovered new exit (range 15) 1318 | -9/Mines | Discovered new exit (range 5) 1404 | -9/Mines | Core integrity fell below 50% 1413 | -9/Mines | Lost 5 allies 1449 | -9/Mines | Lost 11 parts (3p4n1u3w) 2080 | -9/Mines | Entered Materials 2080 | -8/Materials | Evolved 2 slots: Power x1, Utility x1 2081 | -8/Materials | Loaded intel: 12 terminal locations 2241 | -8/Materials | Lost 5 parts (1p2n2w) 2288 | -8/Materials | Core integrity fell below 50% 2366 | -8/Materials | Core integrity fell below 20% 2378 | -8/Materials | Destroyed by Explosive Trap Last Messages --------------- 02353_ H-61 Shepherd calls for reinforcements. 02353_ ALERT: Hostile activity reported, dispatching reinforcements to area. 02359_ Lgt. EM Pulse Cannon destroyed. 02359_ Slammed into C-17 Slicer. 02365_ Imp. Light Cannon severed. 02367_ Dropped Explosive Trap. 02368_ Slug penetrates Wall. 02371_ Installed Explosive Trap. 02373_ Knocked back. 02375_ C-17 Slicer triggered Explosive Trap. 02375_ An explosion rips through the floor. 02375_ C-17 Slicer destroyed. 02376_ Dropped Explosive Trap. 02376_ Installed Explosive Trap. 02377_ U-05 Engineer lays Concrete. 02377_ Acquired 2 matter. 02378_ C-17 Slicer triggered Explosive Trap. 02378_ An explosion rips through the floor. 02378_ C-17 Slicer destroyed. Map ----- +----------------------------------------------------+ | | | | | | | | | | | | | | | | | | | ???????????????##############?????????? | | ???????????????# #?????????? | | ???????????????# """ """ #?????????? | | ???????????????# " #?????????? | | ????????######## " #?????????? | | ????????# # =! % ########### | | ????????# """ ####+#!##"#### | | ????????# """ ### %##"#"#??# ######## | | ????????# """ + # ?# #??????#+ | | ????????# ### + ## #????? | | ????????# !#?# # ## #??? | | ????????####+;#### ######### #? | | ?????????# % # | | ?????????# / | | ?????######## ################ | | ######"#"#### # ; ???# | | # %# @ #?????????# | | # % # % #?????????# | | " == #?????????#/####### | | # % # !%] #?????????# ??????? | | #% # H] ; [[ ???#???????? | | # !# #????????? | | # # u######? +????????? | | ########+"###% ##?????? #????????? | | ??????## ### % ####?????+##??????????? | | ??????+ ???????????? | | ??????# #???????????? | | ??????## ### ####### ###???????????? | | ???????#+#?##+###?????????????????????? | | ??????????????????????????????????????? | | ??????????????????????????????????????? | | ??????????????????????????????????????? | | ??????????????????????????????????????? | | ??????????????????????????????????????? | | ??????????????????????????????????????? | | ??????????????????????????????????????? | | ??????????????????????????????????????? | | ??????????????????????????????????????? | | ??????????????????????????????????????? | | ??????????????????????????????????????? | | ??????????????????????????????????????? | +----------------------------------------------------+ Best States ------------- Heat Dissipation 53 Energy Generation 14 Energy Capacity 250 Matter Stores 300 Matter Capacity 300 Sight Range 16 Terrain Scan Density 10 Armor Coverage 150 Evasion (%) 40 Recoil Reduction 2 Item Schematics ----------------- None Robot Schematics ------------------ None Fabricated ------------ Nothing Alien Tech Used ----------------- None Achievements -------------- None Challenges ------------ None Game ------ Seed PersonalPhysicsThrower Manual? 0 Play Time 00:20:37 Cumulative 154.8 hours Start 2024.09.05 @ 19:04:36 End 2024.09.05 @ 19:44:54 Sessions 1 Manual Loads 0 Difficulty Rogue Special Mode None Game No. 215 Rogue 215 Adventurer 0 Explorer 0 Win Type - Total 0 Types 0/0/0/0/0/0/0/0/0 Lore% 32 Gallery% 60 Achievement% 40 Wizard Run 0 Options --------- Layout 0 ASCII 0 Keyboard 0 Movement Mouse Keybinds 0 Fullscreen 1 Font 24/Smallcaps Map View 76x50 Zoom Use 0% Tactical HUD 1 Map Filters NONE Filters NONE Steam 1 RUN: a8fbd7f1-7481-4277-9c86-695aa9c7c52c